SAA
CHESAPEAKE CONTINENTALS @ IRVING BLUE SOX
09/17/2037
 
TOP OF THE 1ST
Chesapeake Continentals batting - Pitching for Irving Blue Sox : RHP Ramón Flores
Pitching: RHP Ramón Flores
Batting: LHB Bud Randall 0-0: Called Strike
0-1: Bunt for hit to 15S - play at first, batter OUT! 1-3
Batting: SHB Ricardo Serna 0-0: Ball
1-0: Ball
2-0: Fly out, F8 (Flyball, 8LM, EV 98.8 MPH)
Batting: LHB Conor Gotaas 0-0: Swinging Strike
0-1: Swinging Strike
0-2: SINGLE (Groundball, 6MD, EV 103.8 MPH)
Batting: RHB Kjartan Einarsson 0-0: Ball
Conor Gotaas is caught stealing 2nd base 2-4
Top of the 1st over - 0 runs, 1 hit, 0 errors, 0 left on base; Chesapeake 0 - Irving 0
BOTTOM OF THE 1ST
Irving Blue Sox batting - Pitching for Chesapeake Continentals : RHP Tsu-wee Qi
Pitching: RHP Tsu-wee Qi
Batting: LHB Mitchell Pate 0-0: Ball
1-0: Called Strike
1-1: Ball
2-1: Swinging Strike
2-2: Strikes out swinging
Batting: LHB Wilson Hernández 0-0: Foul Ball, location: 2F
0-1: Foul Ball, location: 2F
0-2: Strikes out swinging
Batting: LHB Ánibal Leobardo 0-0: Called Strike
0-1: Ball
1-1: Fly out, F8 (Flyball, 89D, EV 86.9 MPH)
Bottom of the 1st over - 0 runs, 0 hits, 0 errors, 0 left on base; Chesapeake 0 - Irving 0
TOP OF THE 2ND
Chesapeake Continentals batting - Pitching for Irving Blue Sox : RHP Ramón Flores
Batting: RHB Kjartan Einarsson 0-0: Foul Ball, location: 2F
0-1: Foul Ball, location: 2F
0-2: Foul Ball, location: 2F
0-2: Ball
1-2: Fly out, F8 (Flyball, 78M, EV 84.4 MPH)
Batting: RHB Manuel Márquez 0-0: Ball
1-0: Foul Ball, location: 2F
1-1: SINGLE (Line Drive, 3D, EV 96.2 MPH)
Batting: RHB Greg Dixon 0-0: Ball
1-0: Swinging Strike
1-1: Ball
2-1: Ball
3-1: Base on Balls
Manuel Márquez to second
Batting: RHB David Snider 0-0: Called Strike
0-1: Swinging Strike
0-2: Strikes out swinging
Batting: RHB Tae-wan Kim 0-0: Called Strike
0-1: Called Strike
0-2: Strikes out looking
Top of the 2nd over - 0 runs, 1 hit, 0 errors, 2 left on base; Chesapeake 0 - Irving 0
BOTTOM OF THE 2ND
Irving Blue Sox batting - Pitching for Chesapeake Continentals : RHP Tsu-wee Qi
Batting: SHB Govaart Baars 0-0: Ball
1-0: Called Strike
1-1: SINGLE (Line Drive, 9S, EV 98.8 MPH)
Batting: RHB Dave Maxwell 0-0: Called Strike
0-1: Swinging Strike
0-2: Foul Ball, location: 2F
0-2: Ball
1-2: Strikes out swinging
Batting: LHB António Escobeda 0-0: SINGLE (Line Drive, 9S, EV 110.6 MPH)
Govaart Baars to second
Batting: RHB Juan Perales 0-0: SINGLE (Groundball, 6MD, EV 105.6 MPH)
Govaart Baars to third
António Escobeda to second
Runner from 3rd tries for Home, SAFE, throw by CF to home
Batting: SHB Franck Kooijmans 0-0: Swinging Strike
0-1: Foul Ball, location: 2F
0-2: Ball
1-2: Foul Ball, location: 2F
1-2: Foul Ball, location: 2F
1-2: Foul Ball, location: 2F
1-2: Foul Ball, location: 2F
1-2: Ball
2-2: SINGLE (Groundball, 4MD, EV 111.2 MPH)
António Escobeda to third
Juan Perales to second
Runner from 3rd tries for Home, SAFE, no throw by CF
Batting: RHB Francis Osborne 0-0: Called Strike
0-1: Called Strike
0-2: Foul Ball, location: 2F
0-2: Ball
1-2: Ball
2-2: Strikes out swinging
Batting: LHB Mitchell Pate 0-0: Swinging Strike
0-1: SINGLE (Groundball, 4S, EV 73.8 MPH) (infield hit)
Juan Perales to third
Franck Kooijmans to second
Batting: LHB Wilson Hernández 0-0: Ball
1-0: Ball
2-0: Ball
3-0: Foul Ball, location: 2F
3-1: SINGLE (Line Drive, 5L, EV 97.5 MPH)
Juan Perales scores
Franck Kooijmans to third
Mitchell Pate to second
Runner from 3rd tries for Home, SAFE, throw by LF to home
Batting: LHB Ánibal Leobardo 0-0: Ball
1-0: Ball
2-0: Called Strike
2-1: Called Strike
2-2: Foul Ball, location: 2F
2-2: SINGLE (Groundball, 4, EV 83.8 MPH) (infield hit)
Mitchell Pate to third
Wilson Hernández to second
Batting: SHB Govaart Baars 0-0: Fly out, F7 (Flyball, 7LD, EV 108.1 MPH)
Bottom of the 2nd over - 4 runs, 7 hits, 0 errors, 3 left on base; Chesapeake 0 - Irving 4
TOP OF THE 3RD
Chesapeake Continentals batting - Pitching for Irving Blue Sox : RHP Ramón Flores
Batting: RHB Charlie Passell 0-0: Called Strike
0-1: Ball
1-1: Called Strike
1-2: Strikes out swinging
Batting: LHB Bud Randall 0-0: Ball
1-0: Ball
2-0: Ball
3-0: Base on Balls
Batting: SHB Ricardo Serna 0-0: Ball
1-0: Ball
2-0: Ball
3-0: Base on Balls
Bud Randall to second
Batting: LHB Conor Gotaas 0-0: Ball
1-0: Foul Ball, location: 2F
1-1: Fielders Choice at 2nd, 4-6 (Groundball, 4M, EV 105.6 MPH)
Bud Randall to third
Batting: RHB Kjartan Einarsson 0-0: Ball
1-0: Ball
2-0: Called Strike
2-1: Ball
3-1: Base on Balls
Conor Gotaas to second
Batting: RHB Manuel Márquez 0-0: Ball
1-0: Ball
2-0: Foul Ball, location: 2F
2-1: Swinging Strike
2-2: Foul Ball, location: 2F
2-2: Fielders Choice at 2nd, 6-4 (Groundball, 6, EV 82.5 MPH)
Top of the 3rd over - 0 runs, 0 hits, 0 errors, 3 left on base; Chesapeake 0 - Irving 4
BOTTOM OF THE 3RD
Irving Blue Sox batting - Pitching for Chesapeake Continentals : RHP Tsu-wee Qi
Batting: RHB Dave Maxwell 0-0: Ball
1-0: Called Strike
1-1: Swinging Strike
1-2: Ball
2-2: Ground out 5-3 (Groundball, 5D, EV 109.4 MPH)
Batting: LHB António Escobeda 0-0: Swinging Strike
0-1: Ball
1-1: Fly out, F9 (Flyball, 89D, EV 102.5 MPH)
Batting: RHB Juan Perales 0-0: Swinging Strike
0-1: Ground out 6-3 (Groundball, 6, EV 103.1 MPH)
Bottom of the 3rd over - 0 runs, 0 hits, 0 errors, 0 left on base; Chesapeake 0 - Irving 4
TOP OF THE 4TH
Chesapeake Continentals batting - Pitching for Irving Blue Sox : RHP Ramón Flores
Batting: RHB Greg Dixon 0-0: Ball
1-0: Ball
2-0: Swinging Strike
2-1: Foul Ball, location: 2F
2-2: Foul Ball, location: 2F
2-2: Ball
3-2: Foul Ball, location: 2F
3-2: Foul Ball, location: 2F
3-2: Base on Balls
Batting: RHB David Snider 0-0: Ball
1-0: Ball
2-0: Foul Ball, location: 2F
2-1: Ball
3-1: Foul Ball, location: 2F
3-2: Strikes out swinging
Batting: RHB Tae-wan Kim 0-0: Ball
1-0: Reached on error, E6 (Groundball, 6M, EV 104.4 MPH)
Greg Dixon to second
Batting: RHB Charlie Passell 0-0: SINGLE (Flyball, 89M, EV 93.8 MPH)
Greg Dixon to third
Tae-wan Kim to second
Batting: LHB Bud Randall 0-0: Called Strike
0-1: Swinging Strike
0-2: Ball
1-2: Fielders Choice at 2nd, 3-6 (Groundball, 34, EV 79.4 MPH)
Greg Dixon scores
Tae-wan Kim to third
Batting: SHB Ricardo Serna 0-0: Called Strike
0-1: Ball
1-1: SINGLE (Line Drive, 89S, EV 97.5 MPH)
Tae-wan Kim scores
Bud Randall to second
Batting: LHB Conor Gotaas 0-0: Called Strike
0-1: Reached on error, E1 (Groundball, 13S, EV 66.2 MPH)
Bud Randall scores
Ricardo Serna to third
Batting: RHB Kjartan Einarsson 0-0: Foul Ball, location: 2F
0-1: Ball
1-1: Fly out, F6 (Popup, 6MS, EV 63.1 MPH)
Top of the 4th over - 3 runs, 2 hits, 2 errors, 2 left on base; Chesapeake 3 - Irving 4
BOTTOM OF THE 4TH
Irving Blue Sox batting - Pitching for Chesapeake Continentals : RHP Tsu-wee Qi
Batting: SHB Franck Kooijmans 0-0: Ground out 5-3 (Groundball, 5, EV 100.0 MPH)
Batting: RHB Francis Osborne 0-0: Ball
1-0: Swinging Strike
1-1: Ball
2-1: Ball
3-1: Foul Ball, location: 2F
3-2: Base on Balls
Batting: LHB Mitchell Pate 0-0: Fielders Choice at 2nd, 3-6 (Groundball, 3, EV 103.1 MPH)
Batting: LHB Wilson Hernández 0-0: Called Strike
0-1: Ball
1-1: Ball
2-1: Ground out 3-1 (Groundball, 3, EV 83.1 MPH)
Bottom of the 4th over - 0 runs, 0 hits, 0 errors, 1 left on base; Chesapeake 3 - Irving 4
TOP OF THE 5TH
Chesapeake Continentals batting - Pitching for Irving Blue Sox : RHP Ramón Flores
Batting: RHB Manuel Márquez 0-0: DOUBLE (Flyball, 78XD, EV 110.0 MPH)
Batting: RHB Greg Dixon 0-0: Foul Ball, location: 2F
0-1: Called Strike
0-2: Foul Ball, location: 2F
0-2: Strikes out swinging
Batting: RHB David Snider 0-0: Called Strike
0-1: Foul Ball, location: 2F
0-2: Ball
1-2: Ground out 3-1 (Groundball, 34, EV 96.9 MPH)
Manuel Márquez to third
Batting: RHB Tae-wan Kim 0-0: Swinging Strike
0-1: Ball
1-1: Fly out, F8 (Flyball, 8LM, EV 95.0 MPH)
Top of the 5th over - 0 runs, 1 hit, 0 errors, 1 left on base; Chesapeake 3 - Irving 4
BOTTOM OF THE 5TH
Irving Blue Sox batting - Pitching for Chesapeake Continentals : RHP Tsu-wee Qi
Batting: LHB Ánibal Leobardo 0-0: Ball
1-0: Ground out 6-3 (Groundball, 6M, EV 81.9 MPH)
Batting: SHB Govaart Baars 0-0: Called Strike
0-1: Ball
1-1: Fly out, F9 (Flyball, 9, EV 75.0 MPH)
Batting: RHB Dave Maxwell 0-0: Foul Ball, location: 2F
0-1: Foul Ball, location: 2F
0-2: SINGLE (Groundball, 6MD, EV 99.4 MPH)
Batting: LHB António Escobeda 0-0: Called Strike
0-1: Ball
1-1: Ground out 4-3 (Groundball, 4S, EV 70.6 MPH)
Bottom of the 5th over - 0 runs, 1 hit, 0 errors, 1 left on base; Chesapeake 3 - Irving 4
TOP OF THE 6TH
Chesapeake Continentals batting - Pitching for Irving Blue Sox : RHP Ramón Flores
Batting: RHB Charlie Passell 0-0: Ball
1-0: Ball
2-0: Ball
3-0: Called Strike
3-1: Called Strike
3-2: Ground out 3-1 (Groundball, 34, EV 100.6 MPH)
Batting: LHB Bud Randall 0-0: Ball
1-0: Ball
2-0: Fly out, F8 (Flyball, 8LXD, EV 106.9 MPH)
Batting: SHB Ricardo Serna 0-0: Ball
1-0: Foul Ball, location: 2F
1-1: Foul Ball, location: 2F
1-2: Ball
2-2: Ground out 5-3 (Groundball, 56, EV 84.4 MPH)
Top of the 6th over - 0 runs, 0 hits, 0 errors, 0 left on base; Chesapeake 3 - Irving 4
BOTTOM OF THE 6TH
Irving Blue Sox batting - Pitching for Chesapeake Continentals : RHP Tsu-wee Qi
Batting: RHB Juan Perales 0-0: Ball
1-0: Fly out, F7 (Flyball, 7, EV 83.8 MPH)
Batting: SHB Franck Kooijmans 0-0: Ball
1-0: Ball
2-0: Called Strike
2-1: Swinging Strike
2-2: Fly out, F7 (Flyball, 7LD, EV 93.8 MPH)
Batting: RHB Francis Osborne 0-0: Foul Ball, location: 2F
0-1: Ball
1-1: Ball
2-1: Called Strike
2-2: Strikes out looking and he ARGUES THE CALL AND IS TOSSED!
Bottom of the 6th over - 0 runs, 0 hits, 0 errors, 0 left on base; Chesapeake 3 - Irving 4
TOP OF THE 7TH
Chesapeake Continentals batting - Pitching for Irving Blue Sox : RHP Ramón Flores
Now at C: Nelson Morán
Batting: LHB Conor Gotaas 0-0: Called Strike
0-1: Ball
1-1: Swinging Strike
1-2: Ball
2-2: Ball
3-2: Base on Balls
Pitching: RHP Frank Butler
Batting: RHB Kjartan Einarsson 0-0: Swinging Strike
0-1: Ball
1-1: Ball
2-1: Swinging Strike
2-2: Strikes out looking
Batting: RHB Manuel Márquez 0-0: Called Strike
0-1: Ball
1-1: Ball
2-1: Ball
3-1: Fly out, F8 (Line Drive, 8RD, EV 88.8 MPH)
Batting: RHB Greg Dixon 0-0: Ball
Conor Gotaas steals 2nd base (no throw)
1-0: Foul Ball, location: 2F
1-1: Swinging Strike
1-2: Strikes out swinging
Top of the 7th over - 0 runs, 0 hits, 0 errors, 1 left on base; Chesapeake 3 - Irving 4
BOTTOM OF THE 7TH
Irving Blue Sox batting - Pitching for Chesapeake Continentals : RHP Tsu-wee Qi
Batting: LHB Mitchell Pate 0-0: Called Strike
0-1: Foul Ball, location: 2F
0-2: Ball
1-2: Foul Ball, location: 2F
1-2: Fly out, F2 (Popup, 2RF, EV 86.9 MPH)
Pitching: LHP Miracle Popoola
Batting: LHB Wilson Hernández 0-0: Called Strike
0-1: Called Strike
0-2: Ball
1-2: Foul Ball, location: 2F
1-2: Ball
2-2: Foul Ball, location: 2F
2-2: Strikes out swinging
Batting: LHB Ánibal Leobardo 0-0: Ball
1-0: Ball
2-0: Ball
3-0: Called Strike
3-1: Base on Balls
Batting: SHB Govaart Baars 0-0: Foul Ball, location: 2F
0-1: Ball
1-1: Foul Ball, location: 2F
1-2: Strikes out swinging
Bottom of the 7th over - 0 runs, 0 hits, 0 errors, 1 left on base; Chesapeake 3 - Irving 4
TOP OF THE 8TH
Chesapeake Continentals batting - Pitching for Irving Blue Sox : RHP Frank Butler
Batting: RHB David Snider 0-0: Called Strike
0-1: Ball
1-1: Foul Ball, location: 2F
1-2: Strikes out looking
Batting: RHB Tae-wan Kim 0-0: Foul Ball, location: 2F
0-1: Ball
1-1: Ball
2-1: Ball
3-1: Foul Ball, location: 2F
3-2: Fly out, F7 (Flyball, 78M, EV 86.9 MPH)
Batting: RHB Charlie Passell 0-0: Ball
1-0: SINGLE (Groundball, 6D, EV 105.6 MPH)
Batting: LHB Bud Randall 0-0: Called Strike
0-1: Ground out 1-3 (Groundball, 15, EV 70.0 MPH)
Top of the 8th over - 0 runs, 1 hit, 0 errors, 1 left on base; Chesapeake 3 - Irving 4
BOTTOM OF THE 8TH
Irving Blue Sox batting - Pitching for Chesapeake Continentals : LHP Miracle Popoola
Batting: RHB Dave Maxwell 0-0: Ball
1-0: Swinging Strike
1-1: Called Strike
1-2: Ball
2-2: SINGLE (Flyball, 78S, EV 89.4 MPH) - OUT at second base trying to stretch hit.
Batting: LHB António Escobeda 0-0: Swinging Strike
0-1: Ball
1-1: Ball
2-1: Foul Ball, location: 2F
2-2: Strikes out swinging
Batting: RHB Juan Perales 0-0: Swinging Strike
0-1: Foul Ball, location: 2F
0-2: Ground out 3-1 (Groundball, 34, EV 102.5 MPH)
Bottom of the 8th over - 0 runs, 1 hit, 0 errors, 0 left on base; Chesapeake 3 - Irving 4
TOP OF THE 9TH
Chesapeake Continentals batting - Pitching for Irving Blue Sox : RHP Frank Butler
Batting: SHB Ricardo Serna 0-0: Swinging Strike
0-1: SINGLE (Groundball, 5D, EV 103.1 MPH)
Batting: LHB Conor Gotaas 0-0: SINGLE (Groundball, 34D, EV 99.4 MPH)
Ricardo Serna to second
Runner from 2nd tries for 3rd, SAFE, throw by RF made to third
Batting: RHB Kjartan Einarsson 0-0: DOUBLE (Line Drive, 7LS, EV 112.5 MPH)
Ricardo Serna scores
Conor Gotaas to third
Runner from 3rd tries for Home, SAFE, no throw by LF
Batting: RHB Manuel Márquez 0-0: Foul Ball, location: 2F
0-1: Called Strike
0-2: Strikes out looking
Batting: RHB Greg Dixon 0-0: Ball
1-0: Swinging Strike
1-1: Ball
2-1: Foul Ball, location: 2F
2-2: Strikes out looking
Batting: RHB David Snider 0-0: Foul Ball, location: 2F
0-1: Fly out, F8 (Flyball, 8RS, EV 89.4 MPH)
Top of the 9th over - 2 runs, 3 hits, 0 errors, 1 left on base; Chesapeake 5 - Irving 4
BOTTOM OF THE 9TH
Irving Blue Sox batting - Pitching for Chesapeake Continentals : LHP Miracle Popoola
Pitching: RHP Tom Lee
Now at 2B: Lenny Penaligan
Batting: SHB Franck Kooijmans 0-0: Ball
1-0: Ball
2-0: Swinging Strike
2-1: Ball
3-1: Foul Ball, location: 2F
3-2: Base on Balls
Batting: RHB Nelson Morán 0-0: Called Strike
0-1: Sac Bunt to P - play at first, batter OUT! 1-4
Franck Kooijmans to second
Batting: LHB Mitchell Pate 0-0: Swinging Strike
0-1: Ball
1-1: Foul Ball, location: 2F
1-2: Fly out, F7 (Line Drive, 7D, EV 86.9 MPH)
Runner from 2nd tags up, SAFE at 3rd, no throw by LF
Batting: LHB Wilson Hernández 0-0: Ball
1-0: Called Strike
1-1: Foul Ball, location: 2F
1-2: Ball
2-2: Foul Ball, location: 2F
2-2: Ball
3-2: Fly out, F7 (Flyball, 7LS, EV 89.4 MPH)
Bottom of the 9th over - 0 runs, 0 hits, 0 errors, 1 left on base; Chesapeake 5 - Irving 4
Thursday, January 23rd, 2020 - OOTP Baseball 20.8 Build 74